 Dungeon Crawl Stone Soup version 0.29-a0-25-g7f48f510a0 (webtiles) character file.

Game seed: 14020492203298740591

102665 rjrrt the Executioner (level 15, -7/135 HPs)
             Began as a Minotaur Berserker on Jan 29, 2022.
             Was the Champion of Trog.
             Mangled by an orc warrior (15 damage)
             ... on level 2 of the Orcish Mines on Jan 31, 2022.
             The game lasted 00:59:32 (19773 turns).

rjrrt the Executioner (Minotaur Berserker)         Turns: 19773, Time: 00:59:33

Health: -7/135     AC: 30    Str: 32    XL:     15   Next: 86%
Magic:  14/14      EV: 14    Int: 11    God:    Trog [******]
Gold:   1401       SH:  0    Dex:  9    Spells: 14/14 levels left

rFire   . . .      SeeInvis .   a - +2 executioner's axe (vamp)
rCold   . . .      Faith    .   (shield currently unavailable)
rNeg    + . .      Spirit   .   t - +12 plate armour "Kutiwn" {Regen+ Str+2}
rPois   +          Reflect  .   C - +2 hat {Will+}
rElec   +          Harm     .   M - +4 cloak of Gaseng {rPois Int+7}
rCorr   .          Rampage  .   m - +0 pair of gloves
Will    +++++      Clarity  +   A - +0 pair of boots
Stlth   ..........              y - amulet of the Four Winds {rN+ Will+++ Clar}
HPRegen 2.12/turn               O - ring of the Ageless Demons {Wiz rElec Slay+2}
MPRegen 0.14/turn               u - +4 ring of evasion

@: strong-willed (expiring), corroded, regenerating (expiring)
A: horns 2, retaliatory headbutt
a: Renounce Religion, Berserk, Trog's Hand, Brothers in Arms


You were on level 2 of the Orcish Mines.
You worshipped Trog.
Trog was exalted by your worship.
You visited 3 branches of the dungeon, and saw 20 of its levels.
You also visited: Ossuary, Bailey, Gauntlet and Ice Cave.

You collected 1883 gold pieces.
You spent 482 gold pieces at shops.

Inventory:

Hand Weapons
 a - a +2 vampiric executioner's axe (weapon)
 b - a +0 trident of venom
 c - the +6 executioner's axe of Trog's Vengeance {vorpal, MP-9 Str+5}
   (Trog gifted it to you in an ice cave)

   It inflicts extra damage upon your enemies.
   Str:       It affects your strength (+5).
   MP:        It affects your magic capacity (-9).
Missiles
 B - 31 boomerangs (quivered)
 D - 21 javelins
 E - 4 throwing nets
 I - 6 silver javelins
Armour
 m - a +0 pair of gloves (worn)
 t - the +12 plate armour "Kutiwn" (worn) {Regen+ Str+2}
   (You found it on level 4 of the Dungeon)

   Str:       It affects your strength (+2).
   Regen:     It increases your rate of health regeneration.
 A - a +0 pair of boots (worn)
 C - a +2 hat of willpower (worn)
 M - the +4 cloak of Gaseng (worn) {rPois Int+7}
   (You found it in a Gauntlet)

   Int:       It affects your intelligence (+7).
   rPois:     It protects you from poison.
Jewellery
 g - a ring of flight
 o - an amulet of reflection
 q - a ring of protection from cold
 u - a +4 ring of evasion (right hand)
 y - the amulet of the Four Winds (around neck) {rN+ Will+++ Clar}
   (You bought it in a shop on level 2 of the Dungeon)

   [amulet of nothing]

   rN:        It protects you from negative energy.
   Clar:      It protects you against confusion.
   Will:      It greatly increases your willpower.
 O - the ring of the Ageless Demons (left hand) {Wiz rElec Slay+2}
   (You took it off a minotaur in a Gauntlet)

   [ring of wizardry]

   It improves your spell success rate.
   Slay:      It affects your accuracy & damage with ranged weapons and melee
   (+2).
   rElec:     It insulates you from electricity.
 U - a ring of protection from fire
Wands
 n - a wand of flame (87)
 r - a wand of iceblast (32)
 F - a wand of digging (10)
 G - a wand of polymorph (6)
 Q - a wand of mindburst (15)
 R - a wand of paralysis (2)
 T - a wand of charming (6)
Scrolls
 d - 5 scrolls of magic mapping
 w - 7 scrolls of fear
 x - 4 scrolls of fog
 z - 4 scrolls of teleportation
 H - a scroll of enchant armour
 L - 3 scrolls of identify
 N - 2 scrolls of blinking
 P - 2 scrolls of summoning
Potions
 e - 5 potions of mutation
 h - 2 potions of ambrosia
 i - 2 potions of cancellation
 j - 3 potions of invisibility
 k - 3 potions of flight
 l - 14 potions of curing
 p - 2 potions of attraction
 s - 3 potions of lignification
 v - 7 potions of heal wounds
 J - 2 potions of haste
 K - a potion of resistance


   Skills:
 + Level 13.0 Fighting
 * Level 25.3 Axes
 - Level 6.0 Throwing
 + Level 12.6 Armour
 + Level 7.1 Dodging
 + Level 5.7 Evocations


You had 14 spell levels left.
You didn't know any spells.
Your spell library was empty.

Dungeon Overview and Level Annotations

Branches:
Dungeon (12/15)            Temple (0/1) D:6            Lair (6/6) D:11
 Shoals (0/4) Lair:3       Spider (0/4) Lair:4        Slime (0/5) Lair:6
    Orc (2/2) D:9             Elf (0/3) Orc:2       Ossuary (visited)
 Bailey (visited)           IceCv (visited)         Gauntlet (visited)

Altars:
Cheibriados
Fedhas
Kikubaaqudgha
Makhleb
Ru
Trog
Vehumet
Wu Jian
Xom
The Shining One
Beogh

Shops:
D:2 [[=   D:6 (   Orc:2 =

Annotations:
D:4 1 runed translucent door, issech's ghost, amateur TrMo


Innate Abilities, Weirdness & Mutations

You have a pair of horns on your head.
You reflexively headbutt those who attack you in melee.


Message History

You kill the rust devil!
The rust devil disappears in a puff of smoke!
You feel the effects of Trog's Hand fading.
The sun demon hits you but does no damage.
The orc warrior closely misses you.
The orc high priest prays.
The orc high priest hits you from afar with a +0 trident!
The orc warlord hits you with a +0 battleaxe.
The orc warrior barely misses you. The orc warrior completely misses you.
The orc high priest starts to sing a prayer.
You hit the orc warlord.
You feel better.
You headbutt the orc warlord!
The orc warlord is heavily wounded.
You closely miss the rust devil.
You hit the soul eater but do no damage.
You slash the orc sorcerer!
You feel better.
You hit the orc high priest. You slash the orc warrior! You hit the sun demon.
You hit the orc high priest. The orc sorcerer completely misses you.
The sun demon barely misses you. The red devil completely misses you.
The orc warrior hits you with a +0 dire flail.
The orc high priest intones a terrible prayer.
The orc high priest hits you from afar with a +0 trident.
The orc warlord barely misses you.
The orc warrior hits you from afar with a +0 halberd!!
* * * LOW HITPOINT WARNING * * *
The orc warrior barely misses you. The orc high priest misses you.
Unknown command.
The orc high priest barely misses you. The rust devil hits you.
The rust devil corrodes you! The sun demon barely misses you.
The orc sorcerer hits you but does no damage.
The soul eater closely misses you. You furiously retaliate!
You headbutt the soul eater!
The red devil hits you but does no damage.
The orc warrior barely misses you.
The orc high priest hits you but does no damage.
The orc warlord hits you with a +0 battleaxe!!
* * * LOW HITPOINT WARNING * * *
The orc warrior hits you from afar with a +0 glaive.
* * * LOW HITPOINT WARNING * * *
The orc warrior hits you from afar with a +0 halberd!
You die...

o∩.......P.......
.................
.......>......P..
............#....
.......44........
......ooo.4......
..$...§o3o.......
......3o@o4......
.......43oo......
........4........
.................
..#..............
..............#.#
...............##
#.#.##..##..#.##


You could see an orc warlord (strong), a soul eater (summoned), 3 orc high
priests, a sun demon (summoned), 2 ice devils, a rust devil (summoned), a smoke
demon (summoned), a chaos spawn (summoned), an orc sorcerer (strong), 2 red
devils and 4 orc warriors.

Vanquished Creatures
  Gastronok (D:8)
  An orc warlord (Orc:1)
  A minotaur (Gauntlet)
  A fire dragon (Lair:6)
  Harold (D:7)
  10 hydras
  An anaconda (Lair:3)
  4 boulder beetles
  2 catoblepae
  A centaur warrior (D:9)
  An ice dragon (Lair:6)
  6 two-headed ogres
  Urug (D:12)
  3 death yaks (Lair:5)
  An alligator (Lair:3)
  An orc high priest (Orc:2)
  The ghost of Melian the Fighter, a novice MiBe of Trog (D:7)
  An iron troll (D:10)
  2 fire crabs (Lair:3)
  2 deep trolls (D:10)
  A swamp dragon (Lair:6)
  Pikel (D:5)
  2 bog bodies (IceCv)
  2 lindwurms (Lair:6)
  2 ugly things (D:9)
  An oklob plant (Lair:2)
  An orc knight (Orc:2)
  3 cyclopes
  An orc sorcerer (Orc:2)
  A manticore (Lair:3)
  A rust devil (Gauntlet)
  6 black mambas
  13 elephants
  6 torpor snails
  An ice statue (IceCv)
  Maggie (D:8)
  19 cane toads
  6 rime drakes
  2 unseen horrors
  2 anaconda simulacra (IceCv)
  A freezing wraith (IceCv)
  An entropy weaver simulacrum (IceCv)
  16 komodo dragons
  An ice devil (IceCv)
  4 polar bears
  A merfolk (Lair:3)
  10 trolls
  A meliai (shapeshifter) (D:9)
  11 hornets
  3 tyrant leeches (Lair:6)
  Grinder (D:5)
  8 blink frogs
  6 dream sheep (Lair:6)
  A merfolk (shapeshifter) (D:9)
  3 culicivoras (Lair:4)
  A ynoxinul (Gauntlet)
  Sigmund (D:6)
  43 yaks
  2 vampires
  3 wyverns
  7 basilisks
  3 steam dragons
  A death yak simulacrum (IceCv)
  11 vampire mosquitoes
  5 small abominations (Gauntlet)
  Edmund (D:4)
  5 wargs
  15 water moccasins
  Duvessa (D:6)
  4 acid dragons
  2 large abominations (Gauntlet)
  2 swamp drakes
  23 orc warriors
  2 sky beasts
  2 ice beasts
  3 black bears
  A necrophage (D:5)
  15 wolves
  3 ogres
  4 centaurs
  2 lemures (D:5)
  A phantom (D:5)
  A kobold brigand (D:8)
  15 bullfrogs
  3 gnoll sergeants
  2 scorpions
  3 wyvern zombies
  5 water moccasin zombies (Ossuary)
  6 two-headed ogre simulacra (IceCv)
  Blork the orc (D:4)
  3 cane toad simulacra (IceCv)
  A wyvern skeleton (D:7)
  Dowan (D:6)
  7 killer bees
  7 howler monkeys
  14 wights
  10 electric eels
  2 hounds
  A jelly (D:7)
  8 centaur zombies
  3 centaur skeletons
  10 orc priests
  Crazy Yiuf (D:7)
  A bullfrog skeleton (D:7)
  3 iron imps (Gauntlet)
  Natasha (thrice) (D:2)
  2 gnoll shamans
  23 orc wizards
  11 iguanas
  9 hell rats
  Ijyb (D:5)
  4 troll simulacra (IceCv)
  3 polar bear simulacra (IceCv)
  5 spriggan simulacra (IceCv)
  A killer bee zombie (D:8)
  3 wolf simulacra (IceCv)
  2 centaur simulacra (D:9)
  2 hound skeletons
  2 mummies (Ossuary)
  Robin (D:2)
  32 gnolls
  A howler monkey skeleton (D:5)
  6 adders
  7 naga simulacra (IceCv)
  2 shadow imps
  9 white imps
  5 ufetubi
  4 adder zombies (Ossuary)
  2 worms (D:2)
  A dart slug (D:2)
  63 orcs
  8 endoplasms
  9 giant cockroaches
  2 gnoll zombies (Ossuary)
  12 goblins
  16 hobgoblins
  A quokka (D:5)
  9 ball pythons
  4 bats
  6 frilled lizards
  9 hobgoblin zombies (Ossuary)
  27 kobolds
  7 kobold zombies (Ossuary)
  2 orc zombies (Ossuary)
  5 rats
774 creatures vanquished.

Vanquished Creatures (collateral kills)
  An orc warlord (Bailey)
1 creature vanquished.

Vanquished Creatures (others)
  13 fungi
  43 plants
56 creatures vanquished.

Grand Total: 831 creatures vanquished

Notes
Turn   | Place    | Note
-------+----------+-------------------------------------------
     0 | D:1      | rjrrt the Minotaur Berserker began the quest for the Orb.
     0 | D:1      | Reached XP level 1. HP: 19/19 MP: 0/0
    96 | D:1      | Reached skill level 4 in Axes
   402 | D:1      | Reached XP level 2. HP: 23/26 MP: 1/1
   923 | D:2      | Found Eskolol's Jewellery Boutique.
   960 | D:2      | Reached skill level 5 in Axes
  1006 | D:2      | Reached ** piety under Trog
  1011 | D:2      | Noticed Robin
  1015 | D:2      | Reached XP level 3. HP: 29/31 MP: 2/2
  1026 | D:2      | Killed Robin
  1485 | D:2      | Noticed Natasha
  1494 | D:2      | Killed Natasha
  1495 | D:2      | Reached skill level 6 in Axes
  1495 | D:2      | Reached XP level 4. HP: 39/39 MP: 3/3
  1657 | D:2      | Found Faumnok's Armour Shop.
  2016 | D:2      | Found Xidghyp's Armour Shop.
  2078 | D:2      | Noticed Natasha
  2086 | D:2      | Killed Natasha
  2341 | D:2      | Noticed Natasha
  2352 | D:2      | Killed Natasha
  2353 | D:2      | Reached skill level 7 in Axes
  2353 | D:2      | Reached XP level 5. HP: 44/45 MP: 4/4
  2904 | D:3      | Found a faded altar of an unknown god.
  2933 | D:3      | Reached skill level 8 in Axes
  3292 | D:3      | Reached *** piety under Trog
  3429 | D:4      | Reached XP level 6. HP: 51/51 MP: 5/5
  3689 | D:4      | Noticed Edmund
  3698 | D:4      | Killed Edmund
  3699 | D:4      | Reached skill level 9 in Axes
  3877 | D:4      | Noticed Blork the orc
  3885 | D:4      | Killed Blork the orc
  3886 | D:4      | Reached XP level 7. HP: 57/57 MP: 6/6
  3898 | D:4      | Found a sand-covered staircase.
  3903 | Ossuary  | Entered an ossuary
  3979 | Ossuary  | Reached skill level 10 in Axes
  4064 | Ossuary  | Reached **** piety under Trog
  4251 | D:4      | Found a runed translucent door.
  4253 | D:4      | Noticed issech's ghost (amateur TrMo)
  4355 | D:4      | Identified the +12 plate armour "Kutiwn" {Regen+ Str+2}
  4599 | D:5      | Entered Level 5 of the Dungeon
  4609 | D:5      | Reached XP level 8. HP: 67/67 MP: 7/7
  4643 | D:5      | Reached skill level 5 in Fighting
  4710 | D:5      | Reached skill level 11 in Axes
  4710 | D:5      | Reached skill level 1 in Evocations
  4920 | D:5      | Found a blossoming altar of Fedhas.
  5072 | D:5      | Noticed Pikel
  5090 | D:5      | Killed Pikel
  5091 | D:5      | Reached skill level 5 in Armour
  5091 | D:5      | Reached XP level 9. HP: 63/75 MP: 8/8
  5094 | D:5      | Reached skill level 12 in Axes
  5131 | D:5      | Found a bloodstained altar of Trog.
  5156 | D:5      | Found a glowing golden altar of the Shining One.
  5310 | D:5      | Found an ancient bone altar of Kikubaaqudgha.
  5378 | D:5      | Noticed Ijyb
  5383 | D:5      | Killed Ijyb
  5546 | D:5      | Noticed Grinder
  5548 | D:5      | Paralysed by Grinder for 7 turns
  5560 | D:5      | Killed Grinder
  5907 | D:6      | Noticed Duvessa
  5907 | D:6      | Noticed Dowan
  5911 | D:6      | Killed Duvessa
  5914 | D:6      | Killed Dowan
  6080 | D:6      | Noticed Sigmund
  6092 | D:6      | Killed Sigmund
  6093 | D:6      | Reached skill level 1 in Throwing
  6159 | D:6      | Found Okhug's Antique Weapon Boutique.
  6229 | D:6      | Found a shimmering altar of Xom.
  6289 | D:6      | Reached skill level 13 in Axes
  6465 | D:6      | You fall into a shaft and drop 3 floors!
  6570 | D:9      | Noticed a troll
  6582 | D:9      | Killed a troll
  6616 | D:9      | Reached XP level 10. HP: 86/86 MP: 9/9
  7009 | D:9      | Noticed a four-headed hydra
  7011 | D:9      | Noticed a centaur warrior
  7030 | D:9      | Killed a centaur warrior
  7033 | D:9      | Killed a four-headed hydra
  7034 | D:9      | Reached skill level 14 in Axes
  7047 | D:9      | Found a sacrificial altar of Ru.
  7056 | D:9      | Noticed a boulder beetle
  7075 | D:9      | Noticed a cyclops
  7086 | D:9      | Killed a boulder beetle
  7088 | D:9      | Killed a cyclops
  7170 | D:8      | Reached ***** piety under Trog
  7171 | D:8      | Reached skill level 15 in Axes
  7171 | D:8      | Reached XP level 11. HP: 85/97 MP: 10/10
  7272 | D:8      | Noticed Maggie
  7289 | D:8      | Killed Maggie
  7316 | D:7      | Noticed Harold
  7350 | D:8      | Noticed Gastronok
  7364 | D:8      | Killed Gastronok
  7628 | D:6      | Found a staircase to the Ecumenical Temple.
  7775 | D:7      | Killed Harold
  7776 | D:7      | Reached skill level 10 in Fighting
  7776 | D:7      | Reached skill level 16 in Axes
  7980 | D:7      | Received a gift from Trog
  8030 | D:7      | Found a runed translucent door.
  8031 | D:7      | Noticed Crazy Yiuf
  8038 | D:7      | Killed Crazy Yiuf
  8187 | D:7      | Found a snail-covered altar of Cheibriados.
  8188 | D:7      | Found a radiant altar of Vehumet.
  8285 | D:7      | Found a runed translucent gate.
  8286 | D:7      | Found a runed translucent gate.
  8287 | D:7      | Found a runed translucent gate.
  8380 | D:7      | Noticed Melian's ghost (novice MiBe)
  8508 | D:7      | Killed Melian's ghost
  8509 | D:7      | Reached skill level 10 in Armour
  8930 | D:8      | Found an ornate altar of the Wu Jian Council.
  9157 | D:2      | Bought the amulet of the Four Winds {rN+ Will+++ Clar} for
                  | 482 gold pieces
  9157 | D:2      | Found the amulet of the Four Winds {rN+ Will+++ Clar}
  9353 | D:9      | Noticed a cyan ugly thing
  9354 | D:9      | Noticed a red ugly thing
  9371 | D:9      | Killed a cyan ugly thing
  9373 | D:9      | Killed a cyan ugly thing
  9672 | D:9      | Found a staircase to the Orcish Mines.
  9849 | D:10     | Entered Level 10 of the Dungeon
  9997 | D:10     | Noticed Sonja
 10002 | D:10     | Noticed Sonja
 10002 | D:10     | Sonja changed into Sonja the swamp drake
 10009 | D:10     | Killed Sonja the swamp drake
 10012 | D:10     | Noticed a two-headed ogre
 10027 | D:10     | Killed a two-headed ogre
 10028 | D:10     | Reached skill level 17 in Axes
 10028 | D:10     | Reached XP level 12. HP: 108/108 MP: 11/11
 10050 | D:10     | Found a flagged portal.
 10063 | Bailey   | Entered a bailey
 10084 | Bailey   | Noticed an orc warlord
 10242 | Bailey   | Found a runed translucent gate.
 10243 | Bailey   | Found a runed translucent gate.
 10343 | Bailey   | Found a runed translucent gate.
 10383 | Bailey   | Killed an orc warlord
 10404 | Bailey   | Reached skill level 18 in Axes
 10404 | Bailey   | Reached skill level 5 in Dodging
 10404 | Bailey   | Reached XP level 13. HP: 117/117 MP: 12/12
 10605 | D:10     | Received a gift from Trog
 10636 | D:10     | Found a burning altar of Makhleb.
 11227 | D:11     | Found a staircase to the Lair.
 11351 | D:11     | Reached skill level 5 in Throwing
 11926 | Lair:1   | Entered Level 1 of the Lair of Beasts
 11935 | Lair:1   | Found a gate leading to a gauntlet.
 11944 | Gauntlet | Entered a Gauntlet
 11944 | Gauntlet | Found a transporter.
 11944 | Gauntlet | Found a runed translucent gate.
 11944 | Gauntlet | Found a runed translucent gate.
 11947 | Gauntlet | Found a runed translucent gate.
 11953 | Gauntlet | Found a transporter.
 11955 | Gauntlet | Found a transporter.
 11974 | Gauntlet | Found a transporter.
 11975 | Gauntlet | Found a transporter.
 11979 | Gauntlet | Found a runed translucent door.
 11979 | Gauntlet | Found a runed translucent door.
 11988 | Gauntlet | Found a transporter.
 12005 | Gauntlet | Found a transporter.
 12015 | Gauntlet | Found a transporter.
 12020 | Gauntlet | Noticed an entropy weaver
 12022 | Gauntlet | Found a transporter.
 12023 | Gauntlet | Found a transporter.
 12034 | Gauntlet | Found a transporter.
 12040 | Gauntlet | Found a transporter.
 12044 | Gauntlet | Found a runed translucent door.
 12073 | Gauntlet | Found a transporter.
 12073 | Gauntlet | Found a transporter.
 12111 | Gauntlet | Reached skill level 5 in Evocations
 12117 | Gauntlet | Identified the +4 cloak of Gaseng {rPois Int+7}
 12261 | Gauntlet | Reached skill level 19 in Axes
 12270 | Gauntlet | Identified the ring "Ciolim" {rPois rF+ rN+++ Str-2 Dex-5}
 12301 | Gauntlet | Identified the +4 trident of the Wheel {spect, rPois Will-
                  | Str+6}
 12301 | Gauntlet | Identified the ring of the Ageless Demons {Wiz rElec
                  | Slay+2}
 12301 | Gauntlet | Noticed a minotaur
 12318 | Gauntlet | Killed a minotaur
 12353 | Gauntlet | Identified the +0 scale mail of Koifoh {Int+6}
 12361 | Gauntlet | Identified the -5 kite shield of Dim Light {rCorr}
 12727 | Lair:1   | Reached XP level 14. HP: 127/127 MP: 13/13
 13175 | Lair:1   | Reached ****** piety under Trog
 13340 | Lair:1   | Received a gift from Trog
 13493 | Lair:2   | Reached skill level 20 in Axes
 14573 | Lair:3   | Reached skill level 21 in Axes
 15204 | Lair:3   | Found a staircase to the Shoals.
 15452 | Lair:3   | Upgraded the game from 0.29-a0-22-gbf593b16ee to
                  | 0.29-a0-25-g7f48f510a0
 15465 | Lair:4   | Reached skill level 22 in Axes
 15529 | Lair:4   | Found a hole to the Spider Nest.
 16059 | Lair:5   | Received a gift from Trog
 16215 | Lair:5   | Reached skill level 23 in Axes
 16242 | Lair:5   | Reached XP level 15. HP: 134/134 MP: 14/14
 16593 | Lair:6   | Entered Level 6 of the Lair of Beasts
 16790 | Lair:6   | Received a gift from Trog
 16795 | Lair:6   | Reached skill level 24 in Axes
 17228 | Lair:6   | Found a runed translucent door.
 17518 | Lair:6   | Found a staircase to the Slime Pits.
 17940 | D:12     | Reached skill level 25 in Axes
 18027 | D:12     | Noticed Urug
 18037 | D:12     | Killed Urug
 18642 | Orc:1    | Entered Level 1 of the Orcish Mines
 18702 | Orc:1    | Found a frozen archway.
 18713 | IceCv    | Entered an ice cave
 18913 | IceCv    | Identified the +6 executioner's axe of Trog's Vengeance
                  | {vorpal, MP-9 Str+5} (Trog gifted it to you in an ice cave)
 18913 | IceCv    | Received a gift from Trog
 19455 | Orc:1    | Noticed an orc warlord
 19466 | Orc:1    | Killed an orc warlord
 19748 | Orc:2    | Entered Level 2 of the Orcish Mines
 19748 | Orc:2    | Found a staircase to the Elven Halls.
 19748 | Orc:2    | Found Wusoi's Jewellery Boutique.
 19750 | Orc:2    | Noticed an orc warlord
 19773 | Orc:2    | Mangled by an orc warrior

Illustrated notes

Levels and vault maps discovered:
D:1:      ebering_trefoil_3fold, layout_basic, minmay_lizard_pond
D:2:      layout_basic, serial_shops,
          nicolae_shop_temple_entry_statues_fountains,
          nicolae_shop_behind_doors, nicolae_square_shop, uniq_robin,
          uniq_natasha
D:3:      layout_rooms, shapermc_ecumenical_altar_mp_highgroup
D:4:      layout_basic, enter_ossuary_2, ebering_ghost_inner_flame,
          minmay_starry_boxes, uniq_edmund, uniq_blork_the_orc
D:5:      minmay_skewed_foursquare, layout_basic, general_overflow_altar,
          mainiacjoe_overflow_catwalk, mainiacjoe_overflow_24_doors,
          kennysheep_mini, nicolae_zen_rock_garden, guppyfry_early_orc_mine,
          uniq_pikel, uniq_grinder, uniq_ijyb
D:6:      layout_rooms, mainiacjoe_overflow_brackets,
          minmay_temple_entry_offerings, serial_shops, nicolae_square_shop,
          uniq_duvessa, uniq_sigmund
D:7:      minmay_thinvault, layout_rooms, gammafunk_temple_overflow_wave,
          biasface_ghost_orc_armoury, kennysheep_generic_room_16, uniq_harold,
          uniq_crazy_yiuf_cottage
D:8:      layout_basic, nzn_wu_jian_council_hall,
          nicolae_concentric_dashed_squares_mild, uniq_maggie, uniq_gastronok
D:9:      layout_basic, nicolae_ru_awakened_eye, david_orc_4, minivault_28
D:10:     lemuel_troll_bridge, layout_cave_pools, lemuel_crystal_altar,
          enter_bailey_7, uniq_sonja
D:11:     minmay_recursive_quarters, layout_long_grid, erik_lair_orcish_takeover
D:12:     layout_irregular_city, uniq_urug
Lair:1:   beast_lair_carwin_large_1, layout_cave_pods, gauntlet_entry_generic,
          st_stairs_8, minivault_23
Lair:2:   nzn_winding_woodlands_stair_trap [nzn_winding_woodlands_5x15_pool,
          nzn_winding_woodlands_5x15_pathside_ponds,
          nzn_winding_woodlands_5x15_jagged,
          nzn_winding_woodlands_15x15_thick_spiral,
          nzn_winding_woodlands_5x15_zeroes, nzn_winding_woodlands_5x15_garden,
          nzn_winding_woodlands_5x15_cabin], layout_gridlike,
          beast_lair_carwin_9
Lair:3:   layout_roguey, elwin_shoals_entry_rooms, nicolae_lair_lakeside_cave
Lair:4:   layout_roguey, hellmonk_spider_entry_life_and_decay
Lair:5:   layout_layer_cave
Lair:6:   wormcave, layout_cave_pods, guppyfry_lair_end_dragon, slime_dummy
Orc:1:    layout_diamond_mine, basic_altar, serial_shops,
          nicolae_shop_advertising_works [nicolae_subvault_shop_adworks],
          portal_ice_cave_entry_pillars_1
Orc:2:    grunt_orc_gardens, layout_caves, grunt_orc_garden, grunt_orc_garden,
          grunt_orc_garden, grunt_orc_garden

Skill      XL: |  1  2  3  4  5  6  7  8  9 10 11 12 13 14 15 |
---------------+----------------------------------------------+-----
Axes           | 4 5 6 7 8 9 10 11 13 15 17 18 19 23 25 | 25.3
Fighting       | 4 6 7 9 10 11 12 13 | 13.0
Armour         | 3 5 7 8 10 11 12 | 12.6
Evocations     | 2 4 5 |  5.7
Throwing       | 2 4 5 6 |  6.0
Dodging        | 5 6 7 |  7.1

Action                   |  1- 3 |  4- 6 |  7- 9 | 10-12 | 13-15 || total
-------------------------+-------+-------+-------+-------+-------++-------
Melee: Hand axe          |    84 |   155 |       |       |       ||   239
       Headbutt          |    16 |    31 |    41 |    65 |   201 ||   354
       Punch             |     2 |     1 |     5 |       |       ||     8
       War axe           |       |       |   275 |    57 |       ||   332
       Trident           |       |       |       |    10 |    13 ||    23
       Battleaxe         |       |       |       |   283 |   463 ||   746
       Executioner's axe |       |       |       |       |   448 ||   448
Throw: Boomerang         |       |       |       |     3 |     2 ||     5
Invok: Berserk           |     2 |     4 |     5 |     7 |     5 ||    23
       Brothers in Arms  |       |       |       |     1 |       ||     1
       Trog's Hand       |       |       |       |       |     1 ||     1
Evoke: Wand              |       |       |       |    10 |     2 ||    12
  Use: Scroll            |       |     6 |     9 |     8 |     9 ||    32
       Potion            |       |       |       |     1 |       ||     1
 Stab: Petrified         |       |       |       |       |     1 ||     1
       Confused          |       |       |       |       |     1 ||     1
Armor: Animal skin       |    13 |    17 |       |       |       ||    30
       Scale mail        |       |    23 |    23 |       |       ||    46
       Plate armour      |       |       |    91 |   201 |   551 ||   843
       Ice dragon scales |       |       |       |       |    28 ||    28
Dodge: Dodged            |    48 |    73 |   108 |   204 |   533 ||   966

Table legend: (Time is in decaauts)
 A = Elapsed time spent in this place.
 B = Non-inter-level travel time spent in this place.
 C = Inter-level travel time spent in this place.
 D = Time resting spent in this place.
 E = Time spent auto-exploring this place.
 F = Levels seen in this place.
 G = Mean time per level.
                   A        B        C        D        E       F      G
               +--------+--------+--------+--------+--------+-----+--------+
         Total |  19777 |  18623 |   1154 |   1442 |  10865 |  24 |  824.0 |
       Dungeon |  12210 |  11426 |    784 |   1311 |   6205 |  12 | 1017.5 |
          Lair |   5436 |   5088 |    348 |     67 |   3971 |   6 |  906.0 |
  Orcish Mines |    454 |    433 |     21 |      0 |    274 |   2 |  227.0 |
       Ossuary |    227 |    227 |      0 |     16 |     28 |   1 |  227.0 |
        Bailey |    368 |    368 |      0 |      7 |     18 |   1 |  368.0 |
      Ice Cave |    642 |    642 |      0 |      0 |    367 |   1 |  642.0 |
      Gauntlet |    438 |    438 |      0 |     40 |      0 |   1 |  438.0 |
               +--------+--------+--------+--------+--------+-----+--------+

Top non-repeatable levels by time:
     D:2: 1719 daAuts
     D:5: 1378 daAuts
     D:9: 1304 daAuts
     D:7: 1159 daAuts
  Lair:6: 1125 daAuts
  Lair:2: 1091 daAuts
  Lair:1: 1086 daAuts
     D:4: 989 daAuts
  Lair:3: 970 daAuts
     D:1: 923 daAuts
     D:3: 919 daAuts
    D:10: 902 daAuts
    D:11: 832 daAuts
     D:8: 724 daAuts
     D:6: 699 daAuts
